AoeStats
← Camionveloce__

Black Forest

507483069Analyzed
2v2 RM · 15d ago on Sep 18, 2026· 58m 7s· 4 players
Game mode
Random Map
Map size
Medium (4 player)
Population
200
Speed
Normal
Resources
Standard
Victory
Conquest
Starting age
Dark Age
Ending age
Imperial Age
RankedLock teamsTeams togetherTeam positionsShared explorationLock speedFull tech treeHidden civsTurbo modeCheats
Victory
Defeat
🇹🇼 Vikings · Taiwan
930
+33
🇦🇺 Malay · Australia
833
+19
🇮🇹 Bohemians · Italy
942
-19
🇮🇹 Britons · Italy
862
-15
Camionveloce__
12:32 Feudal Age
18:44 Loom
20:53 Double-Bit Axe
23:35 Castle Age
22:27 Fletching
24:14 Horse Collar
25:22 Loom
27:47 Bodkin Arrow
32:41 Imperial Age
34:14 Forging
35:11 Chemistry
34:23 Fortified Wall
34:10 Murder Holes
35:54 Wheelbarrow
36:32 Bow Saw
37:00 Ballistics
37:22 Heavy Plow
38:27 Caravan
39:13 Bracer
39:24 Elite Hussite Wagon
40:25 Wagenburg Tactics
40:42 Conscription
42:05 Iron Casting
41:31 Scale Mail Armor
41:31 Padded Archer Armor
41:37 Scale Barding Armor
43:19 Onager
50:34 Bombard Tower
50:39 Chain Barding Armor
ArturoVeloce
11:48 Feudal Age
12:58 Double-Bit Axe
12:56 Horse Collar
13:34 Loom
19:15 Castle Age
21:21 Bow Saw
22:10 Town Watch
23:01 Wheelbarrow
25:17 Town Patrol
26:14 Fletching
26:25 Padded Archer Armor
27:55 Squires
29:54 Bodkin Arrow
30:58 Fortified Wall
30:50 Stone Mining
31:04 Gold Mining
32:35 Ballistics
32:17 Murder Holes
32:34 Masonry
36:37 Imperial Age
33:36 Pikeman
35:48 Leather Archer Armor
35:45 Forging
37:05 Yeomen
37:30 Bracer
38:01 Ring Archer Armor
38:06 Iron Casting
37:35 Scale Mail Armor
36:59 Halberdier
38:42 Conscription
39:27 Gold Shaft Mining
39:28 Hand Cart
40:00 Elite Longbowman
42:15 Blast Furnace
42:42 Chemistry
44:18 Hoardings
43:43 Warwolf
43:51 Heavy Plow
Goyo
7:40 Loom
10:20 Feudal Age
10:56 Double-Bit Axe
11:41 Man-at-Arms
13:09 Arson
14:39 Scale Mail Armor
16:02 Horse Collar
17:10 Forging
19:23 Padded Archer Armor
22:45 Castle Age
21:20 Gold Mining
22:50 Stone Mining
22:51 Long Swordsman
23:18 Gambesons
23:35 Squires
23:19 Pikeman
26:30 Bow Saw
29:05 Elite Skirmisher
30:06 Chain Mail Armor
31:54 Fletching
32:40 Iron Casting
32:17 Heavy Plow
36:53 Imperial Age
36:18 Gold Shaft Mining
36:59 Chieftains
38:05 Leather Archer Armor
38:24 Plate Mail Armor
38:55 Blast Furnace
38:20 Conscription
37:28 Capped Ram
39:45 Two-Man Saw
39:17 Ballistics
39:10 Masonry
38:50 Two-Handed Swordsman
40:08 Crop Rotation
40:31 Leather Archer Armor
42:05 Architecture
41:28 Siege Ram
42:01 Onager
43:26 Champion
49:50 Cavalier
50:37 Scale Barding Armor
57:16 Chain Barding Armor
SnEaKy Tig3r
0:31 Loom
15:34 Feudal Age
23:06 Castle Age
33:05 Wheelbarrow
32:14 Horse Collar
32:27 Double-Bit Axe
33:03 Gold Mining
33:04 Stone Mining
33:37 Bow Saw
33:40 Heavy Plow
34:30 Gold Shaft Mining
35:18 Forging
35:28 Hand Cart
38:47 Imperial Age
37:07 Iron Casting
37:49 Elite Battle Elephant
39:35 Blast Furnace
40:13 Chemistry
41:24 Pikeman
43:47 Halberdier
Connection lost

Rejoining the realm…

Still unreachable

The connection could not be restored.

Session expired

The server has moved on; the page needs a fresh start.